 Dungeon Crawl Stone Soup version 0.31-a0-854-g362426d53f (webtiles) character file.

Game seed: 8507468540584546580

27 croobank the Sneak (level 3, -2/26 HPs)
             Began as an Octopode Delver on Oct 8, 2023.
             Slain by a kobold
             ... wielding a +2 whip of venom
              (6 damage)
             ... on level 1 of the Dungeon.
             The game lasted 00:01:55 (570 turns).

croobank the Sneak (Octopode Delver)                 Turns: 570, Time: 00:01:56

Health: -2/26      AC:  1    Str:  9 (11) XL:     3   Next: 10%
Magic:  3/3        EV: 13    Int: 12 (14) God:
Gold:   50         SH:  0    Dex: 11 (13) Spells: 2/2 levels left

rFire   . . .        a - +0 short sword
rCold   . . .        (no shield)
rNeg    . . .        (helmet restricted)
rPois   .            (no amulet)
rElec   .            l - ring of see invisible
rCorr   .            (no ring)
SInv    +            (no ring)
Will    .....        (no ring)
Stlth   ++++         (no ring)
HPRegen 0.24/turn    (no ring)
MPRegen 0.08/turn    (no ring)
                     (no ring)

%: no passive effects
@: lethally poisoned (-2 -> -22)
A: almost no armour, amphibious, 8 rings, camouflage 1, gelatinous body 1,
(nimble swimmer 1), tentacles
a: no special abilities


You were on level 1 of the Dungeon.
You visited 1 branch of the dungeon, and saw 6 of its levels.

You collected 50 gold pieces.

Inventory:

Hand Weapons
 a - a +0 short sword (weapon)
Jewellery
 l - a ring of see invisible (left tentacle)
Talismans
 g - a serpent talisman
Wands
 f - a wand of digging (3)
Scrolls
 b - a scroll of fog
 c - a scroll of revelation
 d - a scroll of fear
 h - a scroll of teleportation {unknown}
 j - a scroll of poison {unknown}
 m - a scroll of vulnerability {unknown}
 n - a scroll of acquirement {unknown}
 o - a scroll of identify {unknown}
Potions
 e - a potion of haste
 k - a potion of attraction {unknown}


   Skills:
 + Level 3.3 Fighting
 + Level 2.4 Short Blades
 + Level 2.4 Dodging
 + Level 6.9 Stealth


You had 2 spell levels left.
You didn't know any spells.
Your spell library was empty.

Dungeon Overview and Level Annotations

Branches:
Dungeon (6/15)
 Temple: D:4-7

Altars:

Shops:
D:3 (


Innate Abilities, Weirdness & Mutations

You cannot wear most types of armour.
You are amphibious.
You can wear up to eight rings at the same time.
Your skin changes colour to match your surroundings (Stealth+).
Your rubbery body absorbs attacks. (AC +1, EV +1)
((You are camouflaged when in or above water. (Stealth+)))
You have tentacles for arms and can constrict up to eight enemies at once.


Message History

Increase (S)trength, (I)ntelligence, or (D)exterity?
You feel clever. x2
You now have 50 gold pieces (gained 18).
Found 7 stones.
A bat comes into view.
A kobold comes into view. It is wielding a +0 club.
The helpless kobold fails to defend itself.
You puncture the kobold!
You kill the kobold!
The helpless bat fails to defend itself.
You puncture the bat!
You kill the bat!
No target in view!
You see here 7 stones.
n - a scroll labelled NARUSAKHLUC
o - a scroll labelled VOILUO VUNAT You open the door.
There is an open door here.
A kobold comes into view. It is wielding a +2 whip of venom.
The kobold shouts!
The kobold hits you with a +2 whip of venom.
You are poisoned.
You hit the kobold but do no damage. Your grab misses the kobold.
You feel very sick.
The kobold hits you with a +2 whip of venom.
You are lethally poisoned!
You hit the kobold. Your grab misses the kobold.
The kobold is severely wounded.
You feel very sick.
The kobold hits you with a +2 whip of venom.
You are more poisoned.
You are too injured to fight recklessly!
You are too injured to fight recklessly!
It was a potion of degeneration.
There was something very wrong with that liquid.
You feel weakened.
You feel dopey.
You feel clumsy.
* * * LOW HITPOINT WARNING * * *
You feel very sick.
The kobold hits you with a +2 whip of venom.
You die...

#.........#
##.......##
##.....##
##...## #
##'## #.###
#.#
#.#...##.#
#....K#.###
#.....@...#
#.........#
......#....#
###...##.#.#
### ###...
####


You could see a kobold.

Vanquished Creatures
  A worm (D:3)
  An orc (D:4)
  2 bats
  An endoplasm (D:3)
  A giant cockroach (D:2)
  2 hobgoblins
  5 jackals (D:1)
  3 kobolds
  A quokka (D:2)
  A frilled lizard (D:2)
  A rat (D:2)
19 creatures vanquished.

Notes
Turn   | Place    | Note
-------+----------+-------------------------------------------
     0 | D:5      | croobank the Octopode Delver began the quest for the Orb.
     0 | D:5      | Reached XP level 1. HP: 16/16 MP: 1/1
   170 | D:3      | Reached XP level 2. HP: 21/21 MP: 2/2
   182 | D:3      | Found Zicorch Mota's Weapon Shoppe.
   463 | D:1      | Reached XP level 3. HP: 26/26 MP: 3/3
   570 | D:1      | Slain by a kobold

Illustrated notes

Levels and vault maps discovered:
D:1:      lemuel_arrival_hallway, layout_loops_corners, minmay_3d_cube
D:2:      layout_loops_cross
D:3:      layout_loops_corners, serial_shops, shop,
          nicolae_shop_overgrown_old_shop, nicolae_diamond_shop, shop, shop,
          serial_forest, infiniplex_forest_lined_3,
          infiniplex_forest_clump_large, infiniplex_forest_lined_room_3,
          infiniplex_forest_clump_curved, infiniplex_forest_end_2,
          infiniplex_forest_zigzag_1, infiniplex_forest_lined_corner,
          infiniplex_forest_straight_4, infiniplex_forest_straight_2,
          infiniplex_forest_lined_3_way, uniq_natasha, uniq_robin
D:4:      layout_basic, grunt_temple_overflow_open,
          minmay_temple_entry_purple_smoke, cheibrodos_sewer_entry_bend,
          serial_shops, nicolae_shop_temple_entry_statues_fountains,
          minivault_14, grunt_ministairs_12
D:5:      layout_basic, nicolae_qazlal_general_emergency, serial_shops,
          nicolae_shop_tiny_waterfront
D:6:      layout_cave_pools, kennysheep_orc_sif_temple, serial_shops, shop,
          nicolae_shop_gibbet_a_chance, shop, nicolae_shop_behind_doors, shop

Action                     || total
---------------------------++-------
  Melee: Short sword       ||    33
         Tentacles         ||     8
         Constrict         ||     6
    Use: Potion            ||     1
   Stab: Sleeping          ||     8
 Armour: Skin              ||    16
  Dodge: Dodged            ||    11

Table legend: (Time is in decaauts)
 A = Elapsed time spent in this place.
 B = Non-inter-level travel time spent in this place.
 C = Inter-level travel time spent in this place.
 D = Time resting spent in this place.
 E = Time spent auto-exploring this place.
 F = Levels seen in this place.
 G = Mean time per level.
                   A        B        C        D        E       F      G
               +--------+--------+--------+--------+--------+-----+--------+
         Total |    564 |    546 |     18 |     19 |    338 |   6 |   94.0 |
       Dungeon |    564 |    546 |     18 |     19 |    338 |   6 |   94.0 |
               +--------+--------+--------+--------+--------+-----+--------+

Top non-repeatable levels by time:
     D:1: 158 daAuts
     D:2: 149 daAuts
     D:3: 145 daAuts
     D:4: 66 daAuts
     D:5: 43 daAuts
     D:6: 1 daAuts
